Cogmind - Beta 17.1 @@@ ROGUE MODE // 2026.09.17 @ 20:06:39 Player: SunShine214 Result: Destroyed by G-34 Mercenary with Small Laser Performance ------------- Evolutions (0) 0 Regions Visited (1) 200 Robots Destroyed (27) 135 Value Destroyed (426) 426 Prototype IDs (0) 0 Alien Tech Used (0) 0 Bonus (0) 0 TOTAL SCORE: 761 Bonus ------- None Cogmind --------- Core Integrity 0/250 Matter 256/300 Energy 249/250 System Corruption 0% Temperature Cool (6) Movement Rolling (100) Location -10/Materials Parts ------- > --- POWER (1) -------- Ion Engine > --- PROPULSION (2) --- Compact Wheel > --- UTILITY (2) ------ (None) > --- WEAPON (2) ------- Light Assault Rifle > --- INVENTORY (5) ---- Aluminum Leg Aluminum Leg Large Storage Unit Hacking Suite Mining Laser Peak State ------------ > --- POWER ------------ Ion Engine > --- PROPULSION ------- Light Treads Light Treads > --- UTILITY ---------- Small Storage Unit Seismic Detector > --- WEAPON ----------- Assault Rifle Light Assault Rifle > --- INVENTORY -------- Mining Laser [Rating: 7] Favorites ----------- Power Ion Engine Engine Ion Engine Propulsion Light Treads Treads Light Treads Wheel Compact Wheel Utility Seismic Detector Device Seismic Detector Storage Small Storage Unit Weapon Light Assault Rifle Ballistic Gun Light Assault Rifle Build | -11 -10 ------- Run | Yrd Mat Slots Evolved . | . . Power . | . . Propulsion . | . . Utility . | . . Weapon . | . . Parts Attached 9 | 7 2 Power 1 | 1 . Engine 1 | 1 . Core . | . . Reactor . | . . Propulsion 3 | 2 1 Treads 2 | 2 . Leg . | . . Wheel 1 | . 1 Hover . | . . Flight . | . . Utility 3 | 2 1 Device 1 | 1 . Storage 2 | 1 1 Processor . | . . Hackware . | . . Protection . | . . Artifact . | . . Weapon 2 | 2 . Energy Gun . | . . Energy Cannon . | . . Ballistic Gun 2 | 2 . Ballistic Cannon . | . . Launcher . | . . Special Weapon . | . . Impact Weapon . | . . Slashing Weapon . | . . Piercing Weapon . | . . Special Melee Weapon . | . . Unidentified Prototypes . | . . Parts Lost 4 | . 4 Power . | . . Propulsion 2 | . 2 Utility 1 | . 1 Weapon 1 | . 1 Highest Loss Streak 2 | . 2 To Critical Strikes . | . . Average Backups 1 | . 2 Power . | . . Propulsion . | . . Utility . | . 1 Weapon . | . 1 Tool/Special . | . . Unused Backups 5 | 1 4 Power . | . . Propulsion 2 | . 2 Utility 1 | . 1 Weapon 2 | 1 1 Tool/Special . | . . Average Slot Usage (%) 91 | . 91 Engine 14 | . 14 Treads 21 | . 21 Wheel 2 | . 2 Device 13 | . 13 Storage 11 | . 11 Ballistic Gun 27 | . 27 Peak Build Rating 7 | 7 7 Average Rating 6 | 5 6 On Entrance 3 | . 7 Avg Prop Armor Cover (%) . | . . Naked Turns . | . . Heaviest Build 29 | 14 29 Greatest Support 40 | 40 40 Greatest Overweight (x) 9 | . 9 Average Overweight (x) . | . . Largest Inventory Capacity 15 | 8 15 Average Capacity 10 | 7 11 Most Carried 5 | 2 5 Average Carried 1 | . 2 Final Capacity 8 | 8 5 Final Carried 5 | 1 5 Class Distribution -------------------- 100% | Mutant Dominant Class ---------------- Mutant | -10/Materials Resources | -11 -10 ----------- Run | Yrd Mat Matter Collected 549 | 366 183 Remotely . | . . Salvage Created 691 | 230 461 Parts 53 | 21 32 Haulers Intercepted . | . . Recyclers Shooed 1 | . 1 Parts Field Recycled . | . . Retrieved Matter . | . . Parts Self-Destructed . | . . Prevented . | . . Parts Restored . | . . Kills | -11 -10 ------- Run | Yrd Mat Combat Hostiles Destroyed 12 | . 12 Guns 10 | . 10 AOE 2 | . 2 Classes Destroyed 8 | 3 5 Worker 3 | 2 1 Builder 1 | . 1 Tunneler 5 | 5 . Recycler 3 | 1 2 Operator 1 | . 1 Watcher 2 | . 2 Swarmer 6 | . 6 Grunt 6 | . 6 Best Kill Streak 6 | 5 6 Combat Bots Only 3 | . 3 Max Kills in Single Turn 5 | 1 5 Gunslinging . | . . Exploded 2 | . 2 Melee . | . . Uniques/NPCs Destroyed . | . . Combat | -11 -10 -------- Run | Yrd Mat Hostile Shots Fired 73 | . 73 Missed 17 | . 17 Hits 56 | . 56 Projectile 56 | . 56 Critical Strikes 1 | . 1 Damage Taken 814 | . 814 Core 253 | . 253 Absorbed by Shields . | . . Core Remaining (%) 100 | 100 . Volleys Fired 94 | 24 70 Largest 2 | 2 2 Hottest 40 | 40 40 Shots Fired 172 | 48 124 Gun 172 | 48 124 Cannon . | . . Launcher . | . . Special . | . . Kinetic 172 | 48 124 Thermal . | . . Explosive . | . . Electromagnetic . | . . Robot Hit Streak 8 | 8 8 Robot Miss Streak 5 | 2 5 Penetration Max . | . . Secondary Targets 2 | . 2 Max Gunslinging Chain 1 | . 1 Shots Hit Robots 113 | 33 80 Core Hits 43 | 10 33 Critical Kills . | . . Critical Parts Destroyed 2 | . 2 Critical Strikes 2 | . 2 Destroy 2 | . 2 Melee Attacks . | . . Impact . | . . Slashing . | . . Piercing . | . . Sneak Attacks . | . . Combat Hostiles . | . . Follow-up Attacks . | . . Damage Inflicted 1536 | 341 1195 Guns 1150 | 341 809 Cannons . | . . Explosions 378 | . 378 Melee . | . . Ramming 8 | . 8 Kinetic 1150 | 341 809 Thermal 378 | . 378 Explosive . | . . Electromagnetic . | . . Impact . | . . Slashing . | . . Piercing . | . . Highest Corruption . | . . Average Corruption . | . . Corruption Purged . | . . Corruption Blocked . | . . Overload Shots . | . . Overflow Damage 40 | . 40 Projectiles . | . . Explosions 40 | . 40 Melee . | . . Knockbacks . | . . Impact . | . . Kinetic . | . . Secondary . | . . Self-Inflicted Damage 190 | . 190 Shots 2 | . 2 Rammed 2 | . 2 Targets Rammed 2 | . 2 Kicked . | . . Crushed . | . . Highest Temperature 38 | . 38 Average Temperature 12 | . 12 Received Heat Transfer 330 | . 330 Siege Activations . | . . Martial Activations . | . . Shielding Activations . | . . Robots Disrupted . | . . Combat Hostiles . | . . Robots Corrupted . | . . Combat Hostiles . | . . Parts Fried . | . . Impact Corruptions . | . . Robots Melted . | . . Combat Hostiles . | . . Parts Melted . | . . Heat Transferred 300 | . 300 Parts Sabotaged . | . . Parts Stolen . | . . Parts Stripped . | . . Power Chain Reactions . | . . Alert | -11 -10 ------- Run | Yrd Mat Maximum Alert Level 1 | . 1 Low Security (%) 80 | 100 73 Level 1 19 | . 26 Level 2 . | . . Level 3 . | . . Level 4 . | . . Level 5 . | . . High Security . | . . Max Security . | . . Peak Influence 295 | 15 295 Initial . | . . Average 57 | 3 75 Influence Increases 523 | 40 483 Destroy 0b10 Robot/C 240 | . 240 Destroy 0b10 Robot/NC 75 | 40 35 Destroy Leader 54 | . 54 Disable Machine 60 | . 60 Destroy Structure 34 | . 34 Lose Combat Pursuer 60 | . 60 Influence Decreases 236 | 40 196 Time Decay 196 | 40 156 Lost Part 40 | . 40 Squads Dispatched 3 | . 3 Investigation 2 | . 2 Extermination . | . . Reinforcement 1 | . 1 Assault . | . . Garrison . | . . Intercept . | . . Searches Triggered . | . . Construction Impeded . | . . Haulers Reinforced . | . . Active Scanning Responses . | . . Cargo Convoy Interrupts . | . . Stealth | -11 -10 --------- Run | Yrd Mat Distress Signals 1 | . 1 Communications Jammed . | . . Distress Signals . | . . Times Spotted 24 | . 24 Peak Tracking Total 4 | . 4 Tactical Retreats 3 | . 3 Traps | -11 -10 ------- Run | Yrd Mat Traps Triggered 2 | . 2 Indirectly . | . . Trap Hack Attempts . | . . Triggered . | . . Disarmed . | . . Reprogrammed . | . . Reused . | . . Traps Extracted . | . . Installed . | . . Triggered . | . . Machines | -11 -10 ---------- Run | Yrd Mat Machines Disabled 4 | . 4 Max in Single Turn 4 | . 4 Machines Repaired . | . . Machines Dismantled . | . . Machines Sabotaged . | . . Overloaded Fab Kills . | . . Hacking | -11 -10 --------- Run | Yrd Mat Machines Accessed 3 | . 3 Terminals 3 | . 3 Fabricators . | . . Repair Stations . | . . Recycling Units . | . . Scanalyzers . | . . Garrison Access . | . . Total Hacks 6 | . 6 Successful . | . . Failed 6 | . 6 Catastrophic 1 | . 1 Database Lockouts . | . . Manual 5 | . 5 Terminals 6 | . 6 Fabricators . | . . Repair Stations . | . . Recycling Units . | . . Scanalyzers . | . . Garrison Access . | . . Terminal Hacks . | . . Fabricator Hacks . | . . Repair Station Hacks . | . . Recycling Unit Hacks . | . . Scanalyzer . | . . Garrison Access Hacks . | . . Unauthorized Hacks . | . . Terminals . | . . Fabricators . | . . Repair Stations . | . . Recycling Units . | . . Scanalyzers . | . . Garrison Access . | . . Data Cores Recovered . | . . Used . | . . Hacking Detections 3 | . 3 Full Trace Events . | . . Feedback Events . | . . Feedback Blocked . | . . Robot Schematics Acquired . | . . Robots Built . | . . Authchips . | . . Time . | . . Total Robot Build Rating . | . . Part Schematics Acquired . | . . Parts Built . | . . Authchips . | . . Time . | . . Total Part Build Rating . | . . Part Studies Acquired . | . . Parts Repaired . | . . Time . | . . Parts Recycled . | . . Recycled Matter . | . . Retrieved Matter . | . . Retrieved Components . | . . Parts Scanalyzed . | . . Part Schematics Acquired . | . . Parts Damaged . | . . Bothacking | -11 -10 ------------ Run | Yrd Mat Used RIF Installer . | . . Robots Hacked . | . . Non-combat . | . . Combat . | . . Robot Hacks Applied . | . . Relay Couplers Released . | . . Fabnet Peak Effective % . | . . Robots Rewired . | . . Allies Hacked . | . . Hacks Repelled . | . . Allies | -11 -10 -------- Run | Yrd Mat Total Allies . | . . Largest Group . | . . Highest-Rated Group . | . . Highest-Rated Ally . | . . Total Orders . | . . Ally Attacks . | . . Total Damage . | . . Kills . | . . Allies Corrupted . | . . Allies Melted . | . . Intel | -11 -10 ------- Run | Yrd Mat Active Infowar (turns) 559 | 33 526 Seismic 559 | 33 526 Robot Analysis Total . | . . Derelict Logs Recovered . | . . Drone Launches . | . . Drone Recoveries . | . . Exploration | -11 -10 ------------- Run | Yrd Mat Turns Passed 717 | 176 541 Spaces Moved 276 | 62 214 Core 7 | 2 5 Treads 238 | 60 178 Legs . | . . Wheels 31 | . 31 Hover . | . . Flight . | . . Fastest Speed 50 | 50 100 Average Speed 154 | 156 154 Slowest Speed 500 | 160 500 Overloaded Moves . | . . Propulsion Burnouts . | . . Robots Hopped . | . . Potential Cave-ins . | . . Cave-ins Triggered . | . . Exploration Rate (%) 24 | 4 44 Regions Visited 1 Branch Regions . Pre-discovered Areas . | . . Known Exits Taken . | . . Unknown Exits Taken 1 | 1 . Scrap Searched . | . . Spaces Dug . | . . Terrain Destroyed 37 | . 37 Melee . | . . Projectile . | . . AOE 37 | . 37 Terrain Rammed . | . . Walls Destroyed . | . . Machines Disabled . | . . Actions | -11 -10 --------- Run | Yrd Mat Total 410 | 95 315 Wait 22 | . 22 Move 275 | 61 214 Hop . | . . Pick Up 5 | 2 3 Fast Attach 8 | 7 1 Attach . | . . Detach 1 | . 1 Swap 1 | . 1 Drop 2 | 1 1 Fire 94 | 24 70 Melee . | . . Ram 1 | . 1 Kick . | . . Crush 1 | . 1 Escape Stasis . | . . Rewire . | . . Trap . | . . Miscellaneous . | . . Route ------- -11/Scrapyard -10/Materials (discovered 1 exit: [*Min]) History --------- Turn | Location | Event 7 | -11/Scrapyard | Discovered new exit (range 15) 177 | -11/Scrapyard | Entered Materials 311 | -10/Materials | Build established: Mutant 404 | -10/Materials | Discovered new exit (range 7) 591 | -10/Materials | Core integrity fell below 50% 707 | -10/Materials | Core integrity fell below 20% 718 | -10/Materials | Destroyed by G-34 Mercenary with Small Laser Last Messages --------------- 00648_ U-05 Engineer builds a Wall. 00651_ Acquired Aluminum Leg. 00651_ K-01 Serf collects debris. 00652_ Acquired 39 matter. 00652_ U-05 Engineer lays Concrete. 00656_ K-01 Serf collects debris. 00677_ Triggered Alarm Trap. 00677_ An alarm sounds. 00677_ ALERT: Alarm triggered, dispatching investigation squad. 00678_ T-07 Excavator is excavating. 00680_ S-10 Pest destroyed. 00681_ Assault Rifle destroyed. 00682_ T-07 Excavator is excavating. 00686_ S-10 Pest destroyed. 00690_ Acquired 19 matter. 00691_ Acquired 13 matter. 00695_ Acquired 15 matter. 00703_ Seismic Detector destroyed. 00710_ G-34 Mercenary destroyed. Map ----- +----------------------------------------------------+ | # """ + # """ [[!#!* "#? | | # """ # T + """ [! ###+# ] "## | | # """ # % % # [!!# = = | | # ######+####+##=[[ # # | | | # """ ## ## ################# | | # """ ## ## T #?????????????# " | | # """ ## ## #?????????????##" ==% | | #? ## " ## #???###############+# ""+# | | ????"" ##""" ## #??? ! # ##[#[ " # | | ?????" ?#"" ## #??? # """ ## ####### # | | ?????" ?#""" ## #????""" #! "R"??# %[== | | ?????? ?# "" ######????""" # " ???#[######### | | ??????#?#""" #??????????"" ?? ????# #???????? | | ????????#""" #?????????? ?? ????# #???????? | | ????????#""" #?????######+####+######*#???????? | | ????????# " #?????# !#???????? | | ????????# #?????# + ! ? | | ????????########?????# # | | ??????????????#####??# = ############## #? | | ??????????????# ### = #????????????# #?? | | ??????????????# =#????????????# #????#### | | ??????????????# #????????????#+#???????? | | ??????????????# ! "" =#????????????? ???????? | | ??????????????# Y"* #????????????? ???????? | | ??????????????# ! "" #????????????? ???????? | | ??????????????# @#????????????? ???????? | | ??????????# ! !+%???????????? ??????? | | ????????????# # # ?????????? ??????? | | ????????????#?# ###g## ???????? ??????? | | ??????????????## #??#/???#####????????? ??????? | | ???????????????# ??? ????????????????????????? | | ???????????????# ???? ????????????????????????? | | ???????????????# ????! ????????????????????????? | | ???????????????#????? ????????????????????????? | | ?????????????????????""?????????????????????????? | | ???????????????????? ""?????????????????????????? | | ???????????????????? ""?????????????????????????? | | ????????????????????????????????????????????????? | | ????????????????????????????????????????????????? | | ????????????????????????????????????????????????? | | ????????????????????????????????????????????????? | | ????????????????????????????????????????????????? | | ????????????????????????????????????????????????? | | ????????????????????????????????????????????????? | | ????????????????????????????????????????????????? | | ????????????????????????????????????????????????? | | ????????????????????????????????????????????????? | | ????????????????????????????????????????????????? | | ????????????????????????????????????????????????? | | ????????????????????????????????????????????????? | +----------------------------------------------------+ Best States ------------- Heat Dissipation 25 Energy Generation 10 Energy Capacity 250 Matter Stores 300 Matter Capacity 300 Sight Range 16 Terrain Scan Density 10 Evasion (%) 40 Recoil Reduction 2 Item Schematics ----------------- None Robot Schematics ------------------ None Fabricated ------------ Nothing Repaired ---------- Nothing Studied --------- None Alien Tech Used ----------------- None Achievements -------------- None Challenges ------------ None Game ------ Seed DirectedDeuteriumDriver Manual? 0 Play Time 00:06:04 Cumulative 256.0 hours Start 2026.09.17 @ 20:03:14 End 2026.09.17 @ 20:06:39 Sessions 1 Manual Loads 0 Difficulty Rogue Special Mode None Game No. 368 Rogue 368 Adventurer 0 Explorer 0 Win Type - Total 1 Types 1/0/0/0/0/0/0/0/0/0 Lore% 70 Gallery% 63 Achievement% 48 Wizard Run 0 Options --------- Layout 1 ASCII 0 Keyboard 1 Movement Arrows Keybinds 0 Fullscreen 1 Font 24/Smallcaps Map View 50x35 Zoom Use 0% Tactical HUD 1 Map Filters NONE Filters NONE Steam 1 RUN: ae2ee53c-a014-4ded-af59-947d4c82112d